EVO
UNIVERSITY OF CALIFORNIA GOLDEN BEARS @ PENNSYLVANIA STATE UNIVERSITY NITTANY LIONS
11/20/2047
 
TOP OF THE 1ST
Ohio State University Buckeyes batting - Pitching for Clemson University Tigers : RHP Richard Clements
Pitching: RHP Richard Clements
Batting: RHB Hikaru Nakata 0-0: Called Strike
0-1: Swinging Strike
0-2: Ground out 5-3 (Groundball, 56, EV 101.9 MPH)
Batting: RHB Aaron Burnet 0-0: Called Strike
0-1: Ball
1-1: DOUBLE (Line Drive, 7LD, EV 110.0 MPH)
Batting: SHB Ken Griffey IV 0-0: Called Strike
0-1: Ball
1-1: Ball
2-1: Called Strike
2-2: Ground out U3 (Groundball, 3L, EV 84.4 MPH)
Aaron Burnet to third
Batting: LHB Ben Roth 0-0: Called Strike
0-1: Ball
Wild Pitch!
Aaron Burnet scores
1-1: Foul Ball, location: 2F
1-2: Strikes out swinging
Top of the 1st over - 1 run, 1 hit, 0 errors, 0 left on base; Ohio State University 1 - Clemson University 0
BOTTOM OF THE 1ST
Clemson University Tigers batting - Pitching for Ohio State University Buckeyes : RHP Zinedine Lahlafi
Pitching: RHP Zinedine Lahlafi
Batting: RHB Jason Duncan 0-0: Called Strike
0-1: Ball
1-1: Ball
2-1: Ground out 6-3 (Groundball, 6, EV 85.6 MPH)
Batting: LHB Jayden Pelayo 0-0: Ball
1-0: Foul Ball, location: 2F
1-1: Ball
2-1: Swinging Strike
2-2: Strikes out swinging
Batting: RHB Chris Prinzing 0-0: SINGLE (Line Drive, 6D, EV 97.5 MPH)
Batting: RHB Josh LeSage 0-0: Called Strike
0-1: Ball
1-1: Ball
2-1: Called Strike
2-2: Ball
Chris Prinzing steals 2nd base
3-2: Ground out 1-3 (Groundball, 13, EV 71.9 MPH)
Bottom of the 1st over - 0 runs, 1 hit, 0 errors, 1 left on base; Ohio State University 1 - Clemson University 0
TOP OF THE 2ND
Ohio State University Buckeyes batting - Pitching for Clemson University Tigers : RHP Richard Clements
Batting: RHB Hugo Chavez 0-0: Ball
1-0: Ball
2-0: Called Strike
2-1: Ball
3-1: SINGLE (Flyball, 8LS, EV 88.1 MPH)
Batting: RHB Michihisa Tanaka 0-0: Ball
Wild Pitch!
Hugo Chavez to second
1-0: Foul Ball, location: 2F
1-1: Swinging Strike
1-2: Foul Ball, location: 2F
1-2: Foul Ball, location: 2F
1-2: Fly out, F5 (Popup, 56, EV 71.9 MPH)
Batting: RHB Jeff Standridge 0-0: Called Strike
0-1: Foul Ball, location: 2F
0-2: Ball
1-2: Strikes out swinging
Batting: RHB John Britton 0-0: Called Strike
0-1: Swinging Strike
0-2: Ball
1-2: Strikes out swinging
Top of the 2nd over - 0 runs, 1 hit, 0 errors, 1 left on base; Ohio State University 1 - Clemson University 0
BOTTOM OF THE 2ND
Clemson University Tigers batting - Pitching for Ohio State University Buckeyes : RHP Zinedine Lahlafi
Batting: RHB Ryan Thurston 0-0: Called Strike
0-1: Ball
1-1: Called Strike
1-2: Strikes out swinging
Batting: RHB Jorge Alva 0-0: Fly out, F8 (Flyball, 8LD, EV 108.8 MPH)
Batting: RHB Juan Barela 0-0: Called Strike
0-1: Foul Ball, location: 2F
0-2: Ball
1-2: Strikes out swinging
Bottom of the 2nd over - 0 runs, 0 hits, 0 errors, 0 left on base; Ohio State University 1 - Clemson University 0
TOP OF THE 3RD
Ohio State University Buckeyes batting - Pitching for Clemson University Tigers : RHP Richard Clements
Batting: RHB Dave Villarreal 0-0: Called Strike
0-1: Ball
1-1: Foul Ball, location: 2F
1-2: Fly out, F9 (Flyball, 9S, EV 90.6 MPH)
Batting: RHB Hikaru Nakata 0-0: Ball
1-0: Ball
2-0: Ball
3-0: Called Strike
3-1: Foul Ball, location: 2F
3-2: Base on Balls
Batting: RHB Aaron Burnet 0-0: SINGLE (Groundball, 6MD, EV 93.8 MPH)
Hikaru Nakata to second
Runner from 2nd tries for 3rd, SAFE, throw by CF made to third
Batting: SHB Ken Griffey IV 0-0: Foul Ball, location: 2F
0-1: Fielders Choice at 2nd, 6-4 (Groundball, 6, EV 102.5 MPH)
Hikaru Nakata scores
Batting: LHB Ben Roth 0-0: SINGLE (Groundball, 13, EV 85.0 MPH) (infield hit)
Ken Griffey IV to second
Batting: RHB Hugo Chavez 0-0: Ball
1-0: Called Strike
1-1: Fly out, F1 (Line Drive, P, EV 64.4 MPH)
Top of the 3rd over - 1 run, 2 hits, 0 errors, 2 left on base; Ohio State University 2 - Clemson University 0
BOTTOM OF THE 3RD
Clemson University Tigers batting - Pitching for Ohio State University Buckeyes : RHP Zinedine Lahlafi
Batting: RHB Wayne Watson 0-0: Called Strike
0-1: Foul Ball, location: 2F
0-2: Strikes out swinging
Batting: RHB Donovan Deason 0-0: Swinging Strike
0-1: Swinging Strike
0-2: Fly out, F5 (Popup, 5S, EV 88.8 MPH)
Batting: RHB Jason Duncan 0-0: Ball
1-0: Foul Ball, location: 2F
1-1: Ball
2-1: Foul Ball, location: 2F
2-2: Fly out, F7 (Line Drive, 7, EV 93.1 MPH)
Bottom of the 3rd over - 0 runs, 0 hits, 0 errors, 0 left on base; Ohio State University 2 - Clemson University 0
TOP OF THE 4TH
Ohio State University Buckeyes batting - Pitching for Clemson University Tigers : RHP Richard Clements
Batting: RHB Michihisa Tanaka 0-0: Ball
1-0: Ball
2-0: Ball
3-0: Base on Balls
Batting: RHB Jeff Standridge 0-0: Foul Ball, location: 2F
0-1: Ball
1-1: Ball
2-1: Foul Ball, location: 2F
2-2: Foul Ball, location: 2F
2-2: Ball
3-2: Foul Ball, location: 2F
3-2: Strikes out swinging
Batting: RHB John Britton 0-0: Ball
1-0: Foul Ball, location: 2F
1-1: Fly out, F8 (Flyball, 8LD, EV 86.2 MPH)
Batting: RHB Dave Villarreal 0-0: Foul Ball, location: 2F
0-1: Called Strike
0-2: Ball
1-2: Ball
2-2: SINGLE (Line Drive, 7S, EV 96.2 MPH)
Michihisa Tanaka to second
Batting: RHB Hikaru Nakata 0-0: Called Strike
0-1: Ball
1-1: Ball
2-1: Ball
3-1: 3-RUN HOME RUN (Flyball, 7D, EV 98.1 MPH), Distance : 365 ft
Pitching: RHP Gustavo Carena
Batting: RHB Aaron Burnet 0-0: Swinging Strike
0-1: Ball
1-1: Called Strike
1-2: Strikes out swinging
Top of the 4th over - 3 runs, 2 hits, 0 errors, 0 left on base; Ohio State University 5 - Clemson University 0
BOTTOM OF THE 4TH
Clemson University Tigers batting - Pitching for Ohio State University Buckeyes : RHP Zinedine Lahlafi
Batting: LHB Jayden Pelayo 0-0: Swinging Strike
0-1: Foul Ball, location: 2F
0-2: Ball
1-2: Ball
2-2: Strikes out swinging
Batting: RHB Chris Prinzing 0-0: Called Strike
0-1: SINGLE (Flyball, 56D, EV 96.2 MPH)
Batting: RHB Josh LeSage 0-0: Ball
Chris Prinzing is caught stealing 2nd base 2-4
1-0: Foul Ball, location: 2F
1-1: Foul Ball, location: 2F
1-2: Fly out, F7 (Flyball, 78M, EV 95.6 MPH)
Bottom of the 4th over - 0 runs, 1 hit, 0 errors, 0 left on base; Ohio State University 5 - Clemson University 0
TOP OF THE 5TH
Ohio State University Buckeyes batting - Pitching for Clemson University Tigers : RHP Gustavo Carena
Batting: SHB Ken Griffey IV 0-0: Ball
1-0: Swinging Strike
1-1: Ball
2-1: Ball
3-1: Base on Balls
Batting: LHB Ben Roth 0-0: Called Strike
0-1: Ball
Ken Griffey IV steals 2nd base (no throw)
1-1: DOUBLE (Flyball, 8RXD, EV 111.2 MPH)
Ken Griffey IV scores
Batting: RHB Hugo Chavez 0-0: Hit by Pitch
Batting: RHB Michihisa Tanaka 0-0: 3-RUN HOME RUN (Line Drive, 7LD, EV 96.2 MPH), Distance : 344 ft
Pitching: LHP Brian Anderson
Batting: RHB Jeff Standridge 0-0: Hit by Pitch
Batting: RHB John Britton 0-0: Swinging Strike
0-1: Ball
1-1: Called Strike
1-2: Ball
2-2: Strikes out looking
Batting: RHB Dave Villarreal 0-0: Ball
1-0: Swinging Strike
1-1: Fly out, F9 (Flyball, 9, EV 96.9 MPH)
Batting: RHB Hikaru Nakata 0-0: Ball
1-0: Called Strike
1-1: Swinging Strike
1-2: Strikes out looking
Top of the 5th over - 4 runs, 2 hits, 0 errors, 1 left on base; Ohio State University 9 - Clemson University 0
BOTTOM OF THE 5TH
Clemson University Tigers batting - Pitching for Ohio State University Buckeyes : RHP Zinedine Lahlafi
Batting: RHB Ryan Thurston 0-0: Foul Ball, location: 2F
0-1: Foul Ball, location: 2F
0-2: Fly out, F9 (Line Drive, 9S, EV 95.0 MPH)
Batting: RHB Jorge Alva 0-0: Ball
1-0: Called Strike
1-1: Foul Ball, location: 2F
1-2: Strikes out swinging
Batting: RHB Juan Barela 0-0: Called Strike
0-1: Fly out, F3 (Popup, 3SF, EV 64.4 MPH)
Bottom of the 5th over - 0 runs, 0 hits, 0 errors, 0 left on base; Ohio State University 9 - Clemson University 0
TOP OF THE 6TH
Ohio State University Buckeyes batting - Pitching for Clemson University Tigers : LHP Brian Anderson
Batting: RHB Aaron Burnet 0-0: Ground out 4-3 (Groundball, 4M, EV 90.0 MPH)
Batting: SHB Ken Griffey IV 0-0: Fly out, F4 (Popup, 3S, EV 81.9 MPH)
Batting: LHB Ben Roth 0-0: Ball
1-0: Ball
2-0: Ball
3-0: Called Strike
3-1: Base on Balls
Batting: RHB Hugo Chavez 0-0: Called Strike
0-1: Ball
1-1: DOUBLE (Flyball, 8LD, EV 110.6 MPH)
Ben Roth to third
Runner from 3rd tries for Home, SAFE, throw by CF to home
Batting: RHB Michihisa Tanaka 0-0: Called Strike
0-1: Ball
1-1: Fly out, F9 (Line Drive, 9S, EV 91.2 MPH)
Top of the 6th over - 1 run, 1 hit, 0 errors, 1 left on base; Ohio State University 10 - Clemson University 0
BOTTOM OF THE 6TH
Clemson University Tigers batting - Pitching for Ohio State University Buckeyes : RHP Zinedine Lahlafi
Batting: RHB Wayne Watson 0-0: Foul Ball, location: 2F
0-1: Called Strike
0-2: Foul Ball, location: 2F
0-2: Foul Ball, location: 2F
0-2: Ball
1-2: Strikes out swinging
Batting: RHB Donovan Deason 0-0: Called Strike
0-1: Ball
1-1: Ground out 5-3 (Groundball, 56, EV 85.0 MPH)
Batting: RHB Jason Duncan 0-0: Foul Ball, location: 2F
0-1: Foul Ball, location: 2F
0-2: Ball
1-2: Ball
2-2: Ball
3-2: Foul Ball, location: 2F
3-2: SINGLE (Groundball, 4MD, EV 96.9 MPH)
Batting: LHB Jayden Pelayo 0-0: Fly out, F5 (Line Drive, 5L, EV 61.9 MPH)
Bottom of the 6th over - 0 runs, 1 hit, 0 errors, 1 left on base; Ohio State University 10 - Clemson University 0
TOP OF THE 7TH
Ohio State University Buckeyes batting - Pitching for Clemson University Tigers : LHP Brian Anderson
Batting: RHB Jeff Standridge 0-0: Ball
1-0: Fly out, F8 (Flyball, 78D, EV 88.8 MPH)
Pitching: LHP Salvatore Vasquez
Batting: RHB John Britton 0-0: Ball
1-0: Ball
2-0: Foul Ball, location: 2F
2-1: Called Strike
2-2: Ball
3-2: Strikes out looking
Batting: RHB Dave Villarreal 0-0: Called Strike
0-1: Foul Ball, location: 2F
0-2: Ball
1-2: Ball
2-2: Ground out 6-3 (Groundball, 6, EV 112.5 MPH)
Top of the 7th over - 0 runs, 0 hits, 0 errors, 0 left on base; Ohio State University 10 - Clemson University 0
BOTTOM OF THE 7TH
Clemson University Tigers batting - Pitching for Ohio State University Buckeyes : RHP Zinedine Lahlafi
Batting: RHB Chris Prinzing 0-0: Ball
1-0: Foul Ball, location: 2F
1-1: Ball
2-1: Fly out, F8 (Flyball, 8LS, EV 84.4 MPH)
Batting: RHB Josh LeSage 0-0: Called Strike
0-1: Ball
1-1: Foul Ball, location: 2F
1-2: Ball
2-2: Ball
3-2: Fly out, F7 (Flyball, 7D, EV 96.2 MPH)
Batting: RHB Ryan Thurston 0-0: SINGLE (Groundball, P, EV 85.0 MPH) (infield hit)
Batting: RHB Jorge Alva 0-0: Foul Ball, location: 2F
0-1: Called Strike
0-2: TRIPLE (Line Drive, 78XD, EV 103.8 MPH)
Ryan Thurston scores
Pitching: RHP Ricky Ramos
Batting: RHB Juan Barela 0-0: Ball
1-0: Fly out, F9 (Line Drive, 9, EV 97.5 MPH)
Bottom of the 7th over - 1 run, 2 hits, 0 errors, 1 left on base; Ohio State University 10 - Clemson University 1
TOP OF THE 8TH
Ohio State University Buckeyes batting - Pitching for Clemson University Tigers : LHP Salvatore Vasquez
Batting: RHB Hikaru Nakata 0-0: Ball
1-0: Fly out, F9 (Line Drive, 89S, EV 93.1 MPH)
Batting: RHB Aaron Burnet 0-0: SINGLE (Line Drive, 9S, EV 105.6 MPH)
Batting: SHB Ken Griffey IV 0-0: Foul Ball, location: 2F
0-1: Foul Ball, location: 2F
0-2: Ball
1-2: 2-RUN HOME RUN (Flyball, 9D, EV 100.0 MPH), Distance : 377 ft
Batting: LHB Ben Roth 0-0: Ball
1-0: Ball
2-0: Ball
3-0: Called Strike
3-1: Base on Balls
Pitching: LHP Will West
Batting: RHB Hugo Chavez 0-0: Fly out, F7 (Flyball, 78D, EV 108.1 MPH)
Batting: RHB Michihisa Tanaka 0-0: Fly out, F7 (Flyball, 7, EV 74.4 MPH)
Top of the 8th over - 2 runs, 2 hits, 0 errors, 1 left on base; Ohio State University 12 - Clemson University 1
BOTTOM OF THE 8TH
Clemson University Tigers batting - Pitching for Ohio State University Buckeyes : RHP Ricky Ramos
Batting: RHB Wayne Watson 0-0: Ball
1-0: SINGLE (Line Drive, 4D, EV 94.4 MPH)
Pinch Hitting: LHB David Mendez 0-0: Grounds into double play, 4-6-3 (Groundball, 4M, EV 80.0 MPH)
Batting: RHB Jason Duncan 0-0: Called Strike
0-1: Called Strike
0-2: Ball
1-2: Strikes out swinging
Bottom of the 8th over - 0 runs, 1 hit, 0 errors, 0 left on base; Ohio State University 12 - Clemson University 1
TOP OF THE 9TH
Ohio State University Buckeyes batting - Pitching for Clemson University Tigers : LHP Will West
Now at 1B: David Mendez
Pinch Hitting: LHB Ricardo Torres 0-0: Swinging Strike
0-1: Swinging Strike
0-2: Strikes out swinging
Pinch Hitting: RHB Tony Vasquez 0-0: Fly out, F9 (Flyball, 9S, EV 85.0 MPH)
Batting: RHB Dave Villarreal 0-0: Called Strike
0-1: Foul Ball, location: 2F
0-2: Ball
1-2: Ground out 6-3 (Groundball, 6, EV 80.0 MPH)
Top of the 9th over - 0 runs, 0 hits, 0 errors, 0 left on base; Ohio State University 12 - Clemson University 1
BOTTOM OF THE 9TH
Clemson University Tigers batting - Pitching for Ohio State University Buckeyes : RHP Ricky Ramos
Now at 2B: Tony Vasquez
Now at SS: Mike Vaughan
Batting: LHB Jayden Pelayo 0-0: Called Strike
0-1: Called Strike
0-2: Foul Ball, location: 2F
0-2: Ball
1-2: Foul Ball, location: 2F
1-2: Strikes out swinging
Batting: RHB Chris Prinzing 0-0: SOLO HOME RUN (Line Drive, 7D, EV 99.4 MPH), Distance : 384 ft
Batting: RHB Josh LeSage 0-0: Ball
1-0: Foul Ball, location: 2F
1-1: Called Strike
1-2: Ball
2-2: Ball
3-2: Ground out 6-3 (Groundball, 6S, EV 75.0 MPH)
Batting: RHB Ryan Thurston 0-0: Fly out, F9 (Flyball, 9LS, EV 93.8 MPH)
Bottom of the 9th over - 1 run, 1 hit, 0 errors, 0 left on base; Ohio State University 12 - Clemson University 2
Thursday, December 15th , 2022 - OOTP Baseball 23.9 Build 102